Workbook

Sheet August 2015
A1: Check Number | D1: Check Date | E1: Vendor Name | G1: Transaction Amount | T1: Description | U1: Account Name | V1: Department | W1: Division | X1: Object of Expenditure | Z1: Project Number
A2: 422773 | D2: 42220 | E2: BOB TOMES FORD | G2: 190.04 | T2: BLANKET PURCHASE ORDER | U2: AUTO MAINTENANCE | V2: EQUIPMENT SERVICES | W2: EQUIP SERV-SHARED | X2: BLANKET PURCHASE ORDER
A3: 423498 | D3: 42228 | G3: 47.11 | T3: AUTO/TRUCK MAINT. ITEMS | U3: PARTS | X3: AUTO/TRUCK MAINT. ITEMS
G4: 1333.9 | T4: BLANKET PURCHASE ORDER | U4: AUTO MAINTENANCE | V4: EQUIPMENT SERVICES | W4: EQUIP SERV-SHARED | X4: BLANKET PURCHASE ORDER
G11: 115.5 | T11: FUEL/OIL/GREASE/LUBRICANT | U11: PARTS | X11: FUEL/OIL/GREASE/LUBRICANT
G12: -8.7 | T12: INV# 5436391 | U12: AUTO MAINTENANCE | V12: EQUIPMENT SERVICES | W12: EQUIP SERV-SHARED | X12: INV# 5436391
G13: -75 | T13: INV# 5438592 | U13: AUTO MAINTENANCE | V13: EQUIPMENT SERVICES | W13: EQUIP SERV-SHARED | X13: INV# 5438592
A14: 423547 | D14: 42234 | G14: 1105.63 | T14: BLANKET PURCHASE ORDER | U14: AUTO MAINTENANCE | V14: EQUIPMENT SERVICES | W14: EQUIP SERV-SHARED | X14: BLANKET PURCHASE ORDER
G22: -300 | T22: INV# 5439574 | U22: AUTO MAINTENANCE | V22: EQUIPMENT SERVICES | W22: EQUIP SERV-SHARED | X22: INV# 5439574
M24: =SUM(hList_Frame_1!B1:B21) -> 2408.48
A26: 422774 | D26: 42220 | E26: BOB BARKER CO | G26: 5742.8 | T26: CLOTHING AND APPAREL | U26: DETENTION SUPPLIES | V26: SHERIFF'S OFFICE | W26: JAIL OPS-ADMIN | X26: CLOTHING AND APPAREL
M30: =SUM(hList_Frame_1!B22:B24) -> 5742.8
A32: 422775 | D32: 42220 | E32: ECOLAB INC | G32: 2476.45 | T32: JANITORIAL SUPPLIES-GEN. | U32: DETENTION SUPPLIES | V32: SHERIFF'S OFFICE | W32: JAIL OPS-ADMIN | X32: JANITORIAL SUPPLIES-GEN.
W33: MINIMUM SECURITY
A34: 423119 | D34: 42227 | G34: 1752.5 | T34: JANITORIAL SUPPLIES-GEN. | U34: DETENTION SUPPLIES | V34: SHERIFF'S OFFICE | W34: JAIL OPS-ADMIN | X34: JANITORIAL SUPPLIES-GEN.
M36: =SUM(hList_Frame_1!B25:B27) -> 4228.95
A39: 423120 | D39: 42227 | E39: GIBBS, GREGG M PC | G39: 750 | T39: 366-80028-15 | U39: COURT APPOINTED ATTORNEY | V39: COURT APPT REPRESENTATION | W39: COURT APPT REPRESENTATION | X39: 366-80028-15 | Z39: ID366F
A40: 423548 | D40: 42234 | G40: 750 | T40: 417-70283-15 | U40: COURT APPOINTED ATTORNEY | V40: COURT APPT REPRESENTATION | W40: JUVENILE COURT-IND DEF | X40: 417-70283-15 | Z40: ID417J
M42: =SUM(hList_Frame_1!B28:B29) -> 1500
A44: 422776 | D44: 42220 | E44: HEIDENHEIMER, MARK | G44: 450 | T44: 006-83797-15 | U44: COURT APPOINTED ATTORNEY | V44: COURT APPT REPRESENTATION | W44: COURT APPT REPRESENTATION | X44: 006-83797-15 | Z44: IDCL6M
G45: 100 | T45: 006-83798-15 | U45: COURT APPOINTED ATTORNEY | V45: COURT APPT REPRESENTATION | W45: COURT APPT REPRESENTATION | X45: 006-83798-15 | Z45: IDCL6M
P47: =SUM(hList_Frame_1!B30:B31) -> 550
A49: 422777 | D49: 42220 | E49: POLLOCK PAPER DISTRIBUTORS | G49: 1279.2 | T49: PAPER/PLASTIC, DISPOSABLE | U49: JANITORIAL SUPPLIES | X49: PAPER/PLASTIC, DISPOSABLE
A50: 423121 | D50: 42227 | G50: 1599 | T50: PAPER/PLASTIC, DISPOSABLE | U50: JANITORIAL SUPPLIES | V50: SHERIFF'S OFFICE | W50: JAIL OPS-ADMIN | X50: PAPER/PLASTIC, DISPOSABLE
G51: 733.46 | T51: SUPPLIES | U51: JANITORIAL SUPPLIES | V51: FACILITIES & PARKS | W51: FAC-HEALTH ANNEX | X51: SUPPLIES | Z51: HCF001
V52: JUVENILE PROBATION | W52: JUV DET -ADMIN
A53: 423549 | D53: 42234 | G53: 3198 | T53: PAPER/PLASTIC, DISPOSABLE | U53: JANITORIAL SUPPLIES | V53: SHERIFF'S OFFICE | W53: JAIL OPS-ADMIN | X53: PAPER/PLASTIC, DISPOSABLE
M55: =SUM(hList_Frame_1!B32:B36) -> 6809.66
A57: 422778 | D57: 42220 | E57: THOMASON TIRE INC | G57: 315 | T57: BLANKET PURCHASE ORDER | U57: HEAVY EQUIPMENT REPAIR | V57: EQUIPMENT SERVICES | W57: EQUIP SERV-SHARED | X57: BLANKET PURCHASE ORDER
A60: 423550 | D60: 42234 | G60: 868.42 | T60: TIRES AND TUBES | U60: PARTS | X60: TIRES AND TUBES
M62: =SUM(hList_Frame_1!B37:B40) -> 1183.42
A64: 423551 | D64: 42234 | E64: TEKNI KUT CORP | G64: 73.2 | T64: BUILDER'S SUPPLIES | U64: BUILDING SUPPLIES | V64: FACILITIES & PARKS | W64: BUILD SUP-SHARED | X64: BUILDER'S SUPPLIES | Z64: B21001
R66: =SUM(hList_Frame_1!B41:B41) -> 73.2
A68: 423122 | D68: 42227 | E68: WEST PUBLISHING CORPORATION | G68: 41 | T68: PUBLICATIONS/AUDIOVISUALS | U68: DUES & SUBSCRIPTIONS | V68: UNALLOCATED | W68: NON-DEPARTMENTAL | X68: PUBLICATIONS/AUDIOVISUALS
A69: 423552 | D69: 42234 | G69: 137 | T69: PUBLICATIONS/AUDIOVISUALS | U69: DUES & SUBSCRIPTIONS | V69: UNALLOCATED | W69: NON-DEPARTMENTAL | X69: PUBLICATIONS/AUDIOVISUALS
P73: =SUM(hList_Frame_1!B42:B45) -> 178
A75: 423123 | D75: 42227 | E75: PLANO POWER EQUIPMENT | G75: 9.34 | T75: BLANKET PURCHASE ORDER | U75: GROUNDS EQUIPMENT MAINT | V75: EQUIPMENT SERVICES | W75: EQUIP SERV-SHARED | X75: BLANKET PURCHASE ORDER
A76: 423553 | D76: 42234 | G76: 53.75 | T76: AGRI. IMPLEMENTS & PARTS | U76: PARTS | X76: AGRI. IMPLEMENTS & PARTS
G77: 549.84 | T77: LAWN & GROUNDS EQUIPMENT | U77: PARTS | X77: LAWN & GROUNDS EQUIPMENT
P79: =SUM(hList_Frame_1!B46:B48) -> 612.93
A81: 423124 | D81: 42227 | E81: GEBO CREDIT CORPORATION | G81: 42.97 | T81: BLANKET PURCHASE ORDER | U81: SMALL TOOLS | V81: PUBLIC WORKS | W81: R&B - ADMIN | X81: BLANKET PURCHASE ORDER
R83: =SUM(hList_Frame_1!B49:B49) -> 42.97
A85: 422779 | D85: 42220 | E85: BEN E KEITH CO | G85: 8182.11 | T85: EDIBLE FOODS, STAPLE | U85: FOOD SUPPLIES | V85: SHERIFF'S OFFICE | W85: MINIMUM SECURITY | X85: EDIBLE FOODS, STAPLE
U87: JAIL FOOD
A88: 423125 | D88: 42227 | G88: 72.85 | T88: ABRASIVES | U88: MINIMUM SECURITY FOOD | X88: ABRASIVES
G89: 17097.36 | T89: EDIBLE FOODS, STAPLE | U89: FOOD SUPPLIES | V89: JUVENILE PROBATION | W89: JUV DET -ADMIN | X89: EDIBLE FOODS, STAPLE
U90: JAIL FOOD
U91: MINIMUM SECURITY FOOD
G93: 8723.61 | T93: FOODS, PERISHABLE | U93: JAIL FOOD | X93: FOODS, PERISHABLE
U94: MINIMUM SECURITY FOOD
G96: 1465.45 | T96: FOODS, READY-TO-EAT | U96: JAIL FOOD | X96: FOODS, READY-TO-EAT
U97: MINIMUM SECURITY FOOD
G99: 299.62 | T99: PAPER/PLASTIC, DISPOSABLE | U99: MINIMUM SECURITY FOOD | X99: PAPER/PLASTIC, DISPOSABLE
A100: 423554 | D100: 42234 | G100: 9598.09 | T100: EDIBLE FOODS, STAPLE | U100: FOOD SUPPLIES | V100: SHERIFF'S OFFICE | W100: MINIMUM SECURITY | X100: EDIBLE FOODS, STAPLE
U102: JAIL FOOD
U104: MINIMUM SECURITY FOOD
G105: 8138.73 | T105: FOODS, PERISHABLE | U105: JAIL FOOD | X105: FOODS, PERISHABLE
U107: MINIMUM SECURITY FOOD
G108: 2956.26 | T108: FOODS, READY-TO-EAT | U108: JAIL FOOD | X108: FOODS, READY-TO-EAT
U110: MINIMUM SECURITY FOOD
K112: =SUM(hList_Frame_1!B50:B75) -> 56534.08
A114: 423126 | D114: 42227 | E114: ROMCO EQUIPMENT CO | G114: 382 | T114: BLANKET PURCHASE ORDER | U114: HEAVY EQUIPMENT REPAIR | V114: EQUIPMENT SERVICES | W114: EQUIP SERV-SHARED | X114: BLANKET PURCHASE ORDER
G115: -679.14 | T115: INV# 10261676 | U115: HEAVY EQUIPMENT REPAIR | V115: EQUIPMENT SERVICES | W115: EQUIP SERV-SHARED | X115: INV# 10261676
G116: 679.14 | T116: INV# CM0203764 | U116: HEAVY EQUIPMENT REPAIR | V116: EQUIPMENT SERVICES | W116: EQUIP SERV-SHARED | X116: INV# CM0203764
A117: 423555 | D117: 42234 | G117: 184.16 | T117: BLANKET PURCHASE ORDER | U117: HEAVY EQUIPMENT REPAIR | V117: EQUIPMENT SERVICES | W117: EQUIP SERV-SHARED | X117: BLANKET PURCHASE ORDER
P119: =SUM(hList_Frame_1!B76:B79) -> 566.16
A121: 422780 | D121: 42220 | E121: TX LAWYER | G121: 359.88 | T121: PUBLICATIONS/AUDIOVISUALS | U121: DUES & SUBSCRIPTIONS | V121: DISTRICT COURTS | W121: 429TH DC-ADMIN | X121: PUBLICATIONS/AUDIOVISUALS
P123: =SUM(hList_Frame_1!B80:B80) -> 359.88
A125: 422781 | D125: 42220 | E125: ALFORD INSURANCE AGENCY | G125: 71 | T125: FINANCIAL/ACCOUNTANCY SER | U125: NOTARY BONDS | V125: UNALLOCATED | W125: NON-DEPARTMENTAL | X125: FINANCIAL/ACCOUNTANCY SER
A126: 423127 | D126: 42227 | G126: 28.22 | T126: MISC PROFESSIONAL SERVICE | U126: SPECIAL DELIVERY SERVICE | V126: BUDGET | W126: SUPPORT SERVICES - SHARED | X126: MISC PROFESSIONAL SERVICE
R128: =SUM(hList_Frame_1!B81:B82) -> 99.22
A130: 422765 | D130: 42219 | E130: POSTMASTER MCKINNEY | G130: 4000 | T130: MISC PROFESSIONAL SERVICE | U130: POSTAGE | V130: BUDGET | W130: SUPPORT SERVICES - SHARED | X130: MISC PROFESSIONAL SERVICE
M132: =SUM(hList_Frame_1!B83:B83) -> 4000
A134: 423556 | D134: 42234 | E134: BEHAVIORAL MEASURES & FORENSIC | G134: 500 | T134: 219-82152-14 | U134: MISCELLANEOUS | V134: COURT APPT REPRESENTATION | W134: COURT APPT REPRESENTATION | X134: 219-82152-14 | Z134: ID219N
P136: =SUM(hList_Frame_1!B84:B84) -> 500
A138: 423128 | D138: 42227 | E138: HELENA CHEMICAL COMPANY | G138: 1020 | T138: FERTILIZER/SOIL CONDITION | U138: GROUNDS MAINTENANCE | V138: MYERS PARK | W138: MYERS-ADMIN | X138: FERTILIZER/SOIL CONDITION
M140: =SUM(hList_Frame_1!B85:B85) -> 1020
A142: 422782 | D142: 42220 | E142: GUARDIAN POWER CLEANING | G142: 895 | T142: CAFETERIA/KITCHEN EQUIP. | U142: VENT-A-HOOD CERTIFICATION | V142: FACILITIES & PARKS | W142: BUILD SUP-SHARED | X142: CAFETERIA/KITCHEN EQUIP. | Z142: B21001
P144: =SUM(hList_Frame_1!B86:B86) -> 895
A146: 423557 | D146: 42234 | E146: MCCURDY, DAVID | G146: 25.3 | U146: TRAVEL REIMBURSEMENT | V146: INFORMATION TECHNOLOGY | W146: IT-ADMIN
R148: =SUM(hList_Frame_1!B87:B87) -> 25.3
A150: 423558 | D150: 42234 | E150: XXXXXXX | G150: 6732.1 | T150: Details not available | U150: REPORTERS RECORDS | V150: COURT APPT REPRESENTATION | W150: COURT APPT REPRESENTATION | X150: Details not available | Z150: MUR061
M152: =SUM(hList_Frame_1!B88:B88) -> 6732.1
A154: 422783 | D154: 42220 | E154: MAY, JEFFRY | G154: 75 | T154: j may-bastrop, tx | U154: EDUCATION & CONFERENCE | V154: COUNTY AUDITOR | W154: AUDITOR - ADMIN | X154: j may-bastrop, tx
R156: =SUM(hList_Frame_1!B89:B89) -> 75
A158: 423129 | D158: 42227 | E158: KEMP, STACEY | G158: 200 | T158: meal per diem only | U158: TRAVEL ADVANCES | X158: meal per diem only
A159: 423559 | D159: 42234 | G159: 133 | T159: meal per diem only | U159: TRAVEL ADVANCES | X159: meal per diem only
P161: =SUM(hList_Frame_1!B90:B91) -> 333
A163: 422784 | D163: 42220 | E163: TX COURT REPORTERS ASSOCIATION | G163: 150 | T163: MISC PROFESSIONAL SERVICE | U163: DUES & SUBSCRIPTIONS | V163: DISTRICT COURTS | W163: 401ST DC-ADMIN | X163: MISC PROFESSIONAL SERVICE
A164: 422785 | D164: 42220 | G164: 150 | T164: MISC PROFESSIONAL SERVICE | U164: DUES & SUBSCRIPTIONS | V164: COUNTY COURTS | W164: CCL6-ADMIN | X164: MISC PROFESSIONAL SERVICE
P166: =SUM(hList_Frame_1!B92:B93) -> 300
A168: 422786 | D168: 42220 | E168: OFFICE DEPOT | G168: 173.39 | T168: BLANKET PURCHASE ORDER | U168: ELECTION SUPPLIES | V168: ELECTIONS | W168: CONT ELECTIONS-CONTRACT | X168: BLANKET PURCHASE ORDER
U169: OFFICE SUPPLIES | V169: ANIMAL SHELTER | W169: ANIMAL CONTROL-ADMIN
G171: 23554.54 | T171: IR:PRINTER/PLOTTER/ACCESS | U171: CENTRAL SUPPLY | X171: IR:PRINTER/PLOTTER/ACCESS
G175: 379.03 | T175: OFFICE SUPPLIES (GENERAL) | U175: COMPUTER SUPPLIES | V175: BUDGET | W175: SUPPORT SERVICES - SHARED | X175: OFFICE SUPPLIES (GENERAL)
U176: IN-HOUSE TRAINING | V176: CONSTABLES | W176: C1-ADMIN
A178: 423117 | D178: 42227 | G178: 2.48 | T178: OFFICE SUPPLIES (GENERAL) | U178: PATROL SUPPLIES | V178: SHERIFF'S OFFICE | W178: GRANT-JAG | X178: OFFICE SUPPLIES (GENERAL) | Z178: GT081E
A179: 423136 | D179: 42227 | G179: 11109.89 | T179: BLANKET PURCHASE ORDER | U179: COMPUTER SUPPLIES | V179: BUDGET | W179: SUPPORT SERVICES - SHARED | X179: BLANKET PURCHASE ORDER
U185: COPIER SUPPLIES | V185: BUDGET | W185: SUPPORT SERVICES - SHARED
U186: ELECTION SUPPLIES | V186: ELECTIONS | W186: CONT ELECTIONS-CONTRACT
...

Sheet hList_Frame_1
A1: =IF(ISBLANK('August 2015'!A2),"",IF(ISTEXT('August 2015'!A2),0,'August 2015'!A2)) -> 422773 | B1: =IF(ISBLANK('August 2015'!G2),"",IF(ISTEXT('August 2015'!G2),0,'August 2015'!G2)) -> 190.04
A2: =IF(ISBLANK('August 2015'!A3),"",IF(ISTEXT('August 2015'!A3),0,'August 2015'!A3)) -> 423498 | B2: =IF(ISBLANK('August 2015'!G3),"",IF(ISTEXT('August 2015'!G3),0,'August 2015'!G3)) -> 47.11
A3: =IF(ISBLANK('August 2015'!A4),"",IF(ISTEXT('August 2015'!A4),0,'August 2015'!A4)) | B3: =IF(ISBLANK('August 2015'!G4),"",IF(ISTEXT('August 2015'!G4),0,'August 2015'!G4)) -> 1333.9
A4: =IF(ISBLANK('August 2015'!A5),"",IF(ISTEXT('August 2015'!A5),0,'August 2015'!A5)) | B4: =IF(ISBLANK('August 2015'!G5),"",IF(ISTEXT('August 2015'!G5),0,'August 2015'!G5))
A5: =IF(ISBLANK('August 2015'!A6),"",IF(ISTEXT('August 2015'!A6),0,'August 2015'!A6)) | B5: =IF(ISBLANK('August 2015'!G6),"",IF(ISTEXT('August 2015'!G6),0,'August 2015'!G6))
A6: =IF(ISBLANK('August 2015'!A7),"",IF(ISTEXT('August 2015'!A7),0,'August 2015'!A7)) | B6: =IF(ISBLANK('August 2015'!G7),"",IF(ISTEXT('August 2015'!G7),0,'August 2015'!G7))
A7: =IF(ISBLANK('August 2015'!A8),"",IF(ISTEXT('August 2015'!A8),0,'August 2015'!A8)) | B7: =IF(ISBLANK('August 2015'!G8),"",IF(ISTEXT('August 2015'!G8),0,'August 2015'!G8))
A8: =IF(ISBLANK('August 2015'!A9),"",IF(ISTEXT('August 2015'!A9),0,'August 2015'!A9)) | B8: =IF(ISBLANK('August 2015'!G9),"",IF(ISTEXT('August 2015'!G9),0,'August 2015'!G9))
A9: =IF(ISBLANK('August 2015'!A10),"",IF(ISTEXT('August 2015'!A10),0,'August 2015'!A10)) | B9: =IF(ISBLANK('August 2015'!G10),"",IF(ISTEXT('August 2015'!G10),0,'August 2015'!G10))
A10: =IF(ISBLANK('August 2015'!A11),"",IF(ISTEXT('August 2015'!A11),0,'August 2015'!A11)) | B10: =IF(ISBLANK('August 2015'!G11),"",IF(ISTEXT('August 2015'!G11),0,'August 2015'!G11)) -> 115.5
A11: =IF(ISBLANK('August 2015'!A12),"",IF(ISTEXT('August 2015'!A12),0,'August 2015'!A12)) | B11: =IF(ISBLANK('August 2015'!G12),"",IF(ISTEXT('August 2015'!G12),0,'August 2015'!G12)) -> -8.7
A12: =IF(ISBLANK('August 2015'!A13),"",IF(ISTEXT('August 2015'!A13),0,'August 2015'!A13)) | B12: =IF(ISBLANK('August 2015'!G13),"",IF(ISTEXT('August 2015'!G13),0,'August 2015'!G13)) -> -75
... A21: =IF(ISBLANK('August 2015'!A22),"",IF(ISTEXT('August 2015'!A22),0,'August 2015'!A22)) | B21: =IF(ISBLANK('August 2015'!G22),"",IF(ISTEXT('August 2015'!G22),0,'August 2015'!G22)) -> -300
A22: =IF(ISBLANK('August 2015'!A26),"",IF(ISTEXT('August 2015'!A26),0,'August 2015'!A26)) -> 422774 | B22: =IF(ISBLANK('August 2015'!G26),"",IF(ISTEXT('August 2015'!G26),0,'August 2015'!G26)) -> 5742.8
A23: =IF(ISBLANK('August 2015'!A27),"",IF(ISTEXT('August 2015'!A27),0,'August 2015'!A27)) | B23: =IF(ISBLANK('August 2015'!G27),"",IF(ISTEXT('August 2015'!G27),0,'August 2015'!G27))
A24: =IF(ISBLANK('August 2015'!A28),"",IF(ISTEXT('August 2015'!A28),0,'August 2015'!A28)) | B24: =IF(ISBLANK('August 2015'!G28),"",IF(ISTEXT('August 2015'!G28),0,'August 2015'!G28))
A25: =IF(ISBLANK('August 2015'!A32),"",IF(ISTEXT('August 2015'!A32),0,'August 2015'!A32)) -> 422775 | B25: =IF(ISBLANK('August 2015'!G32),"",IF(ISTEXT('August 2015'!G32),0,'August 2015'!G32)) -> 2476.45
A26: =IF(ISBLANK('August 2015'!A33),"",IF(ISTEXT('August 2015'!A33),0,'August 2015'!A33)) | B26: =IF(ISBLANK('August 2015'!G33),"",IF(ISTEXT('August 2015'!G33),0,'August 2015'!G33))
A27: =IF(ISBLANK('August 2015'!A34),"",IF(ISTEXT('August 2015'!A34),0,'August 2015'!A34)) -> 423119 | B27: =IF(ISBLANK('August 2015'!G34),"",IF(ISTEXT('August 2015'!G34),0,'August 2015'!G34)) -> 1752.5
A28: =IF(ISBLANK('August 2015'!A39),"",IF(ISTEXT('August 2015'!A39),0,'August 2015'!A39)) -> 423120 | B28: =IF(ISBLANK('August 2015'!G39),"",IF(ISTEXT('August 2015'!G39),0,'August 2015'!G39)) -> 750
A29: =IF(ISBLANK('August 2015'!A40),"",IF(ISTEXT('August 2015'!A40),0,'August 2015'!A40)) -> 423548 | B29: =IF(ISBLANK('August 2015'!G40),"",IF(ISTEXT('August 2015'!G40),0,'August 2015'!G40)) -> 750
A30: =IF(ISBLANK('August 2015'!A44),"",IF(ISTEXT('August 2015'!A44),0,'August 2015'!A44)) -> 422776 | B30: =IF(ISBLANK('August 2015'!G44),"",IF(ISTEXT('August 2015'!G44),0,'August 2015'!G44)) -> 450
A31: =IF(ISBLANK('August 2015'!A45),"",IF(ISTEXT('August 2015'!A45),0,'August 2015'!A45)) | B31: =IF(ISBLANK('August 2015'!G45),"",IF(ISTEXT('August 2015'!G45),0,'August 2015'!G45)) -> 100
A32: =IF(ISBLANK('August 2015'!A49),"",IF(ISTEXT('August 2015'!A49),0,'August 2015'!A49)) -> 422777 | B32: =IF(ISBLANK('August 2015'!G49),"",IF(ISTEXT('August 2015'!G49),0,'August 2015'!G49)) -> 1279.2
A33: =IF(ISBLANK('August 2015'!A50),"",IF(ISTEXT('August 2015'!A50),0,'August 2015'!A50)) -> 423121 | B33: =IF(ISBLANK('August 2015'!G50),"",IF(ISTEXT('August 2015'!G50),0,'August 2015'!G50)) -> 1599
A34: =IF(ISBLANK('August 2015'!A51),"",IF(ISTEXT('August 2015'!A51),0,'August 2015'!A51)) | B34: =IF(ISBLANK('August 2015'!G51),"",IF(ISTEXT('August 2015'!G51),0,'August 2015'!G51)) -> 733.46
A35: =IF(ISBLANK('August 2015'!A52),"",IF(ISTEXT('August 2015'!A52),0,'August 2015'!A52)) | B35: =IF(ISBLANK('August 2015'!G52),"",IF(ISTEXT('August 2015'!G52),0,'August 2015'!G52))
A36: =IF(ISBLANK('August 2015'!A53),"",IF(ISTEXT('August 2015'!A53),0,'August 2015'!A53)) -> 423549 | B36: =IF(ISBLANK('August 2015'!G53),"",IF(ISTEXT('August 2015'!G53),0,'August 2015'!G53)) -> 3198
A37: =IF(ISBLANK('August 2015'!A57),"",IF(ISTEXT('August 2015'!A57),0,'August 2015'!A57)) -> 422778 | B37: =IF(ISBLANK('August 2015'!G57),"",IF(ISTEXT('August 2015'!G57),0,'August 2015'!G57)) -> 315
A38: =IF(ISBLANK('August 2015'!A58),"",IF(ISTEXT('August 2015'!A58),0,'August 2015'!A58)) | B38: =IF(ISBLANK('August 2015'!G58),"",IF(ISTEXT('August 2015'!G58),0,'August 2015'!G58))
A39: =IF(ISBLANK('August 2015'!A59),"",IF(ISTEXT('August 2015'!A59),0,'August 2015'!A59)) | B39: =IF(ISBLANK('August 2015'!G59),"",IF(ISTEXT('August 2015'!G59),0,'August 2015'!G59))
A40: =IF(ISBLANK('August 2015'!A60),"",IF(ISTEXT('August 2015'!A60),0,'August 2015'!A60)) -> 423550 | B40: =IF(ISBLANK('August 2015'!G60),"",IF(ISTEXT('August 2015'!G60),0,'August 2015'!G60)) -> 868.42
A41: =IF(ISBLANK('August 2015'!A64),"",IF(ISTEXT('August 2015'!A64),0,'August 2015'!A64)) -> 423551 | B41: =IF(ISBLANK('August 2015'!G64),"",IF(ISTEXT('August 2015'!G64),0,'August 2015'!G64)) -> 73.2
A42: =IF(ISBLANK('August 2015'!A68),"",IF(ISTEXT('August 2015'!A68),0,'August 2015'!A68)) -> 423122 | B42: =IF(ISBLANK('August 2015'!G68),"",IF(ISTEXT('August 2015'!G68),0,'August 2015'!G68)) -> 41
A43: =IF(ISBLANK('August 2015'!A69),"",IF(ISTEXT('August 2015'!A69),0,'August 2015'!A69)) -> 423552 | B43: =IF(ISBLANK('August 2015'!G69),"",IF(ISTEXT('August 2015'!G69),0,'August 2015'!G69)) -> 137
A44: =IF(ISBLANK('August 2015'!A70),"",IF(ISTEXT('August 2015'!A70),0,'August 2015'!A70)) | B44: =IF(ISBLANK('August 2015'!G70),"",IF(ISTEXT('August 2015'!G70),0,'August 2015'!G70))
A45: =IF(ISBLANK('August 2015'!A71),"",IF(ISTEXT('August 2015'!A71),0,'August 2015'!A71)) | B45: =IF(ISBLANK('August 2015'!G71),"",IF(ISTEXT('August 2015'!G71),0,'August 2015'!G71))
A46: =IF(ISBLANK('August 2015'!A75),"",IF(ISTEXT('August 2015'!A75),0,'August 2015'!A75)) -> 423123 | B46: =IF(ISBLANK('August 2015'!G75),"",IF(ISTEXT('August 2015'!G75),0,'August 2015'!G75)) -> 9.34
A47: =IF(ISBLANK('August 2015'!A76),"",IF(ISTEXT('August 2015'!A76),0,'August 2015'!A76)) -> 423553 | B47: =IF(ISBLANK('August 2015'!G76),"",IF(ISTEXT('August 2015'!G76),0,'August 2015'!G76)) -> 53.75
A48: =IF(ISBLANK('August 2015'!A77),"",IF(ISTEXT('August 2015'!A77),0,'August 2015'!A77)) | B48: =IF(ISBLANK('August 2015'!G77),"",IF(ISTEXT('August 2015'!G77),0,'August 2015'!G77)) -> 549.84
A49: =IF(ISBLANK('August 2015'!A81),"",IF(ISTEXT('August 2015'!A81),0,'August 2015'!A81)) -> 423124 | B49: =IF(ISBLANK('August 2015'!G81),"",IF(ISTEXT('August 2015'!G81),0,'August 2015'!G81)) -> 42.97
A50: =IF(ISBLANK('August 2015'!A85),"",IF(ISTEXT('August 2015'!A85),0,'August 2015'!A85)) -> 422779 | B50: =IF(ISBLANK('August 2015'!G85),"",IF(ISTEXT('August 2015'!G85),0,'August 2015'!G85)) -> 8182.11
A51: =IF(ISBLANK('August 2015'!A86),"",IF(ISTEXT('August 2015'!A86),0,'August 2015'!A86)) | B51: =IF(ISBLANK('August 2015'!G86),"",IF(ISTEXT('August 2015'!G86),0,'August 2015'!G86))
A52: =IF(ISBLANK('August 2015'!A87),"",IF(ISTEXT('August 2015'!A87),0,'August 2015'!A87)) | B52: =IF(ISBLANK('August 2015'!G87),"",IF(ISTEXT('August 2015'!G87),0,'August 2015'!G87))
A53: =IF(ISBLANK('August 2015'!A88),"",IF(ISTEXT('August 2015'!A88),0,'August 2015'!A88)) -> 423125 | B53: =IF(ISBLANK('August 2015'!G88),"",IF(ISTEXT('August 2015'!G88),0,'August 2015'!G88)) -> 72.85
A54: =IF(ISBLANK('August 2015'!A89),"",IF(ISTEXT('August 2015'!A89),0,'August 2015'!A89)) | B54: =IF(ISBLANK('August 2015'!G89),"",IF(ISTEXT('August 2015'!G89),0,'August 2015'!G89)) -> 17097.36
A55: =IF(ISBLANK('August 2015'!A90),"",IF(ISTEXT('August 2015'!A90),0,'August 2015'!A90)) | B55: =IF(ISBLANK('August 2015'!G90),"",IF(ISTEXT('August 2015'!G90),0,'August 2015'!G90))
A56: =IF(ISBLANK('August 2015'!A91),"",IF(ISTEXT('August 2015'!A91),0,'August 2015'!A91)) | B56: =IF(ISBLANK('August 2015'!G91),"",IF(ISTEXT('August 2015'!G91),0,'August 2015'!G91))
A57: =IF(ISBLANK('August 2015'!A92),"",IF(ISTEXT('August 2015'!A92),0,'August 2015'!A92)) | B57: =IF(ISBLANK('August 2015'!G92),"",IF(ISTEXT('August 2015'!G92),0,'August 2015'!G92))
A58: =IF(ISBLANK('August 2015'!A93),"",IF(ISTEXT('August 2015'!A93),0,'August 2015'!A93)) | B58: =IF(ISBLANK('August 2015'!G93),"",IF(ISTEXT('August 2015'!G93),0,'August 2015'!G93)) -> 8723.61
A59: =IF(ISBLANK('August 2015'!A94),"",IF(ISTEXT('August 2015'!A94),0,'August 2015'!A94)) | B59: =IF(ISBLANK('August 2015'!G94),"",IF(ISTEXT('August 2015'!G94),0,'August 2015'!G94))
A60: =IF(ISBLANK('August 2015'!A95),"",IF(ISTEXT('August 2015'!A95),0,'August 2015'!A95)) | B60: =IF(ISBLANK('August 2015'!G95),"",IF(ISTEXT('August 2015'!G95),0,'August 2015'!G95))
A61: =IF(ISBLANK('August 2015'!A96),"",IF(ISTEXT('August 2015'!A96),0,'August 2015'!A96)) | B61: =IF(ISBLANK('August 2015'!G96),"",IF(ISTEXT('August 2015'!G96),0,'August 2015'!G96)) -> 1465.45
... A75: =IF(ISBLANK('August 2015'!A110),"",IF(ISTEXT('August 2015'!A110),0,'August 2015'!A110)) | B75: =IF(ISBLANK('August 2015'!G110),"",IF(ISTEXT('August 2015'!G110),0,'August 2015'!G110))
A76: =IF(ISBLANK('August 2015'!A114),"",IF(ISTEXT('August 2015'!A114),0,'August 2015'!A114)) -> 423126 | B76: =IF(ISBLANK('August 2015'!G114),"",IF(ISTEXT('August 2015'!G114),0,'August 2015'!G114)) -> 382
A77: =IF(ISBLANK('August 2015'!A115),"",IF(ISTEXT('August 2015'!A115),0,'August 2015'!A115)) | B77: =IF(ISBLANK('August 2015'!G115),"",IF(ISTEXT('August 2015'!G115),0,'August 2015'!G115)) -> -679.14
A78: =IF(ISBLANK('August 2015'!A116),"",IF(ISTEXT('August 2015'!A116),0,'August 2015'!A116)) | B78: =IF(ISBLANK('August 2015'!G116),"",IF(ISTEXT('August 2015'!G116),0,'August 2015'!G116)) -> 679.14
A79: =IF(ISBLANK('August 2015'!A117),"",IF(ISTEXT('August 2015'!A117),0,'August 2015'!A117)) -> 423555 | B79: =IF(ISBLANK('August 2015'!G117),"",IF(ISTEXT('August 2015'!G117),0,'August 2015'!G117)) -> 184.16
A80: =IF(ISBLANK('August 2015'!A121),"",IF(ISTEXT('August 2015'!A121),0,'August 2015'!A121)) -> 422780 | B80: =IF(ISBLANK('August 2015'!G121),"",IF(ISTEXT('August 2015'!G121),0,'August 2015'!G121)) -> 359.88
A81: =IF(ISBLANK('August 2015'!A125),"",IF(ISTEXT('August 2015'!A125),0,'August 2015'!A125)) -> 422781 | B81: =IF(ISBLANK('August 2015'!G125),"",IF(ISTEXT('August 2015'!G125),0,'August 2015'!G125)) -> 71
A82: =IF(ISBLANK('August 2015'!A126),"",IF(ISTEXT('August 2015'!A126),0,'August 2015'!A126)) -> 423127 | B82: =IF(ISBLANK('August 2015'!G126),"",IF(ISTEXT('August 2015'!G126),0,'August 2015'!G126)) -> 28.22
A83: =IF(ISBLANK('August 2015'!A130),"",IF(ISTEXT('August 2015'!A130),0,'August 2015'!A130)) -> 422765 | B83: =IF(ISBLANK('August 2015'!G130),"",IF(ISTEXT('August 2015'!G130),0,'August 2015'!G130)) -> 4000
A84: =IF(ISBLANK('August 2015'!A134),"",IF(ISTEXT('August 2015'!A134),0,'August 2015'!A134)) -> 423556 | B84: =IF(ISBLANK('August 2015'!G134),"",IF(ISTEXT('August 2015'!G134),0,'August 2015'!G134)) -> 500
A85: =IF(ISBLANK('August 2015'!A138),"",IF(ISTEXT('August 2015'!A138),0,'August 2015'!A138)) -> 423128 | B85: =IF(ISBLANK('August 2015'!G138),"",IF(ISTEXT('August 2015'!G138),0,'August 2015'!G138)) -> 1020
A86: =IF(ISBLANK('August 2015'!A142),"",IF(ISTEXT('August 2015'!A142),0,'August 2015'!A142)) -> 422782 | B86: =IF(ISBLANK('August 2015'!G142),"",IF(ISTEXT('August 2015'!G142),0,'August 2015'!G142)) -> 895
A87: =IF(ISBLANK('August 2015'!A146),"",IF(ISTEXT('August 2015'!A146),0,'August 2015'!A146)) -> 423557 | B87: =IF(ISBLANK('August 2015'!G146),"",IF(ISTEXT('August 2015'!G146),0,'August 2015'!G146)) -> 25.3
A88: =IF(ISBLANK('August 2015'!A150),"",IF(ISTEXT('August 2015'!A150),0,'August 2015'!A150)) -> 423558 | B88: =IF(ISBLANK('August 2015'!G150),"",IF(ISTEXT('August 2015'!G150),0,'August 2015'!G150)) -> 6732.1
A89: =IF(ISBLANK('August 2015'!A154),"",IF(ISTEXT('August 2015'!A154),0,'August 2015'!A154)) -> 422783 | B89: =IF(ISBLANK('August 2015'!G154),"",IF(ISTEXT('August 2015'!G154),0,'August 2015'!G154)) -> 75
A90: =IF(ISBLANK('August 2015'!A158),"",IF(ISTEXT('August 2015'!A158),0,'August 2015'!A158)) -> 423129 | B90: =IF(ISBLANK('August 2015'!G158),"",IF(ISTEXT('August 2015'!G158),0,'August 2015'!G158)) -> 200
A91: =IF(ISBLANK('August 2015'!A159),"",IF(ISTEXT('August 2015'!A159),0,'August 2015'!A159)) -> 423559 | B91: =IF(ISBLANK('August 2015'!G159),"",IF(ISTEXT('August 2015'!G159),0,'August 2015'!G159)) -> 133
A92: =IF(ISBLANK('August 2015'!A163),"",IF(ISTEXT('August 2015'!A163),0,'August 2015'!A163)) -> 422784 | B92: =IF(ISBLANK('August 2015'!G163),"",IF(ISTEXT('August 2015'!G163),0,'August 2015'!G163)) -> 150
A93: =IF(ISBLANK('August 2015'!A164),"",IF(ISTEXT('August 2015'!A164),0,'August 2015'!A164)) -> 422785 | B93: =IF(ISBLANK('August 2015'!G164),"",IF(ISTEXT('August 2015'!G164),0,'August 2015'!G164)) -> 150
A94: =IF(ISBLANK('August 2015'!A168),"",IF(ISTEXT('August 2015'!A168),0,'August 2015'!A168)) -> 422786 | B94: =IF(ISBLANK('August 2015'!G168),"",IF(ISTEXT('August 2015'!G168),0,'August 2015'!G168)) -> 173.39
A95: =IF(ISBLANK('August 2015'!A169),"",IF(ISTEXT('August 2015'!A169),0,'August 2015'!A169)) | B95: =IF(ISBLANK('August 2015'!G169),"",IF(ISTEXT('August 2015'!G169),0,'August 2015'!G169))
A96: =IF(ISBLANK('August 2015'!A170),"",IF(ISTEXT('August 2015'!A170),0,'August 2015'!A170)) | B96: =IF(ISBLANK('August 2015'!G170),"",IF(ISTEXT('August 2015'!G170),0,'August 2015'!G170))
A97: =IF(ISBLANK('August 2015'!A171),"",IF(ISTEXT('August 2015'!A171),0,'August 2015'!A171)) | B97: =IF(ISBLANK('August 2015'!G171),"",IF(ISTEXT('August 2015'!G171),0,'August 2015'!G171)) -> 23554.54
A98: =IF(ISBLANK('August 2015'!A172),"",IF(ISTEXT('August 2015'!A172),0,'August 2015'!A172)) | B98: =IF(ISBLANK('August 2015'!G172),"",IF(ISTEXT('August 2015'!G172),0,'August 2015'!G172))
A99: =IF(ISBLANK('August 2015'!A173),"",IF(ISTEXT('August 2015'!A173),0,'August 2015'!A173)) | B99: =IF(ISBLANK('August 2015'!G173),"",IF(ISTEXT('August 2015'!G173),0,'August 2015'!G173))
A100: =IF(ISBLANK('August 2015'!A174),"",IF(ISTEXT('August 2015'!A174),0,'August 2015'!A174)) | B100: =IF(ISBLANK('August 2015'!G174),"",IF(ISTEXT('August 2015'!G174),0,'August 2015'!G174))
A101: =IF(ISBLANK('August 2015'!A175),"",IF(ISTEXT('August 2015'!A175),0,'August 2015'!A175)) | B101: =IF(ISBLANK('August 2015'!G175),"",IF(ISTEXT('August 2015'!G175),0,'August 2015'!G175)) -> 379.03
A102: =IF(ISBLANK('August 2015'!A176),"",IF(ISTEXT('August 2015'!A176),0,'August 2015'!A176)) | B102: =IF(ISBLANK('August 2015'!G176),"",IF(ISTEXT('August 2015'!G176),0,'August 2015'!G176))
A103: =IF(ISBLANK('August 2015'!A177),"",IF(ISTEXT('August 2015'!A177),0,'August 2015'!A177)) | B103: =IF(ISBLANK('August 2015'!G177),"",IF(ISTEXT('August 2015'!G177),0,'August 2015'!G177))
A104: =IF(ISBLANK('August 2015'!A178),"",IF(ISTEXT('August 2015'!A178),0,'August 2015'!A178)) -> 423117 | B104: =IF(ISBLANK('August 2015'!G178),"",IF(ISTEXT('August 2015'!G178),0,'August 2015'!G178)) -> 2.48
A105: =IF(ISBLANK('August 2015'!A179),"",IF(ISTEXT('August 2015'!A179),0,'August 2015'!A179)) -> 423136 | B105: =IF(ISBLANK('August 2015'!G179),"",IF(ISTEXT('August 2015'!G179),0,'August 2015'!G179)) -> 11109.89
... A338: =IF(ISBLANK('August 2015'!A412),"",IF(ISTEXT('August 2015'!A412),0,'August 2015'!A412)) | B338: =IF(ISBLANK('August 2015'!G412),"",IF(ISTEXT('August 2015'!G412),0,'August 2015'!G412))
A339: =IF(ISBLANK('August 2015'!A416),"",IF(ISTEXT('August 2015'!A416),0,'August 2015'!A416)) -> 423570 | B339: =IF(ISBLANK('August 2015'!G416),"",IF(ISTEXT('August 2015'!G416),0,'August 2015'!G416)) -> 39.68
A340: =IF(ISBLANK('August 2015'!A420),"",IF(ISTEXT('August 2015'!A420),0,'August 2015'!A420)) -> 422787 | B340: =IF(ISBLANK('August 2015'!G420),"",IF(ISTEXT('August 2015'!G420),0,'August 2015'!G420)) -> 750
A341: =IF(ISBLANK('August 2015'!A421),"",IF(ISTEXT('August 2015'!A421),0,'August 2015'!A421)) -> 422788 | B341: =IF(ISBLANK('August 2015'!G421),"",IF(ISTEXT('August 2015'!G421),0,'August 2015'!G421)) -> 661.65
A342: =IF(ISBLANK('August 2015'!A422),"",IF(ISTEXT('August 2015'!A422),0,'August 2015'!A422)) | B342: =IF(ISBLANK('August 2015'!G422),"",IF(ISTEXT('August 2015'!G422),0,'August 2015'!G422))
A343: =IF(ISBLANK('August 2015'!A423),"",IF(ISTEXT('August 2015'!A423),0,'August 2015'!A423)) -> 423571 | B343: =IF(ISBLANK('August 2015'!G423),"",IF(ISTEXT('August 2015'!G423),0,'August 2015'!G423)) -> 2898.45
A344: =IF(ISBLANK('August 2015'!A424),"",IF(ISTEXT('August 2015'!A424),0,'August 2015'!A424)) | B344: =IF(ISBLANK('August 2015'!G424),"",IF(ISTEXT('August 2015'!G424),0,'August 2015'!G424))
A345: =IF(ISBLANK('August 2015'!A428),"",IF(ISTEXT('August 2015'!A428),0,'August 2015'!A428)) -> 422789 | B345: =IF(ISBLANK('August 2015'!G428),"",IF(ISTEXT('August 2015'!G428),0,'August 2015'!G428)) -> 450
A346: =IF(ISBLANK('August 2015'!A432),"",IF(ISTEXT('August 2015'!A432),0,'August 2015'!A432)) -> 423139 | B346: =IF(ISBLANK('August 2015'!G432),"",IF(ISTEXT('August 2015'!G432),0,'August 2015'!G432)) -> 318.5
A347: =IF(ISBLANK('August 2015'!A436),"",IF(ISTEXT('August 2015'!A436),0,'August 2015'!A436)) -> 423140 | B347: =IF(ISBLANK('August 2015'!G436),"",IF(ISTEXT('August 2015'!G436),0,'August 2015'!G436)) -> 632.16
A348: =IF(ISBLANK('August 2015'!A437),"",IF(ISTEXT('August 2015'!A437),0,'August 2015'!A437)) -> 423572 | B348: =IF(ISBLANK('August 2015'!G437),"",IF(ISTEXT('August 2015'!G437),0,'August 2015'!G437)) -> 232.18
A349: =IF(ISBLANK('August 2015'!A441),"",IF(ISTEXT('August 2015'!A441),0,'August 2015'!A441)) -> 423573 | B349: =IF(ISBLANK('August 2015'!G441),"",IF(ISTEXT('August 2015'!G441),0,'August 2015'!G441)) -> 2695.15
A350: =IF(ISBLANK('August 2015'!A442),"",IF(ISTEXT('August 2015'!A442),0,'August 2015'!A442)) | B350: =IF(ISBLANK('August 2015'!G442),"",IF(ISTEXT('August 2015'!G442),0,'August 2015'!G442))
A351: =IF(ISBLANK('August 2015'!A443),"",IF(ISTEXT('August 2015'!A443),0,'August 2015'!A443)) | B351: =IF(ISBLANK('August 2015'!G443),"",IF(ISTEXT('August 2015'!G443),0,'August 2015'!G443))
A352: =IF(ISBLANK('August 2015'!A447),"",IF(ISTEXT('August 2015'!A447),0,'August 2015'!A447)) -> 423141 | B352: =IF(ISBLANK('August 2015'!G447),"",IF(ISTEXT('August 2015'!G447),0,'August 2015'!G447)) -> 2789.25
A353: =IF(ISBLANK('August 2015'!A448),"",IF(ISTEXT('August 2015'!A448),0,'August 2015'!A448)) | B353: =IF(ISBLANK('August 2015'!G448),"",IF(ISTEXT('August 2015'!G448),0,'August 2015'!G448))
...
